 Dungeon Crawl Stone Soup version 0.32-a0-132-g2d33c3cfaf (webtiles) character file.

Game seed: 1838526607044007285

6395 BubbleThief the Cleaver (level 10, 0/89 (91) HPs)
             Began as a Hill Orc Fighter on Feb 9, 2024.
             Was a Follower of Qazlal.
             Slain by a soul eater (5 damage)
             ... summoned by a kobold demonologist
             ... on level 9 of the Dungeon.
             The game lasted 00:15:22 (9101 turns).

BubbleThief the Cleaver (Hill Orc Fighter)          Turns: 9101, Time: 00:15:23

HP:   0/89 (91)     AC: -2    Str: 24      XL:     10   Next: 98%
MP:   13/16         EV:  8    Int:  8      God:    Qazlal [*.....]
Gold: 21            SH: 10    Dex: 14 (16) Spells: 9/9 levels left

rFire   . . .        q - +2 hand axe (flame)
rCold   . . .        C - +2 buckler
rNeg    + . .        i - +0 chain mail {Will+}
rPois   .            (no helmet)
rElec   .            o - +0 cloak
rCorr   .            B - +0 pair of gloves
SInv    .            (no boots)
Will    +....        a - amulet of regeneration Stlth
                     j - +6 ring of dexterity
HPRegen 1.14/turn    g - ring of positive energy
MPRegen 0.15/turn

%: no passive effects
@: corroded, lightly drained
A: no striking features
a: Renounce Religion


You were on level 9 of the Dungeon.
You worshipped Qazlal.
Qazlal was aware of your devotion.
You visited 1 branch of the dungeon, and saw 10 of its levels.

You collected 462 gold pieces.
You spent 441 gold pieces at shops.

Inventory:

Hand Weapons
 c - a +3 war axe
 q - a +2 hand axe of flaming (weapon)
Missiles
 F - a throwing net (quivered)
Armour
 b - a +0 scale mail
 i - a +0 chain mail of willpower (worn)
 o - a +0 cloak (worn)
 z - a +1 leather armour of poison resistance
 B - a +0 pair of gloves (worn)
 C - a +2 buckler (worn)
 I - a +4 chain mail of cold resistance
Jewellery
 a - an amulet of regeneration (around neck)
 g - a ring of positive energy (right hand)
 j - a +6 ring of dexterity (left hand)
 t - an amulet of magic regeneration
 x - an amulet of reflection
 H - a ring of protection from fire
Wands
 k - a wand of iceblast (7)
 y - a wand of paralysis (18)
Scrolls
 e - a scroll of amnesia {unknown}
 l - 4 scrolls of identify
 m - a scroll of silence {unknown}
 p - 8 scrolls of blinking {unknown}
 r - 6 scrolls of teleportation {unknown}
 s - a scroll of enchant armour {unknown}
 u - 3 scrolls of immolation {unknown}
 v - a scroll of brand weapon {unknown}
Potions
 d - 2 potions of might
 f - 6 potions of curing
 h - 2 potions of attraction {unknown}
 n - 2 potions of ambrosia
 w - a potion of heal wounds {unknown}
 A - a potion of lignification {unknown}
 D - a potion of enlightenment
 E - a potion of brilliance {unknown}
 G - a potion of resistance {unknown}
 J - a potion of berserk rage {unknown}


   Skills:
 + Level 9.6 Fighting
 + Level 10.0 Axes
 + Level 8.7 Armour
 + Level 8.7 Shields
 - Level 9.0 Invocations


You had 9 spell levels left.
You didn't know any spells.
Your spell library contained the following spells:

 Spells                   Type           Power      Damage    Failure   Level
 Magic Dart               Conj           0%         1d3       92%         1
 Blink                    Tloc           0%         N/A       98%         2
 Call Imp                 Summ           0%         N/A       98%         2
 Lesser Beckoning         Tloc           0%         N/A       98%         2
 Gell's Gravitas          Tloc           0%         N/A       100%        3
 Teleport Other           Tloc           0%         N/A       100%        3


Dungeon Overview and Level Annotations

Branches:
Dungeon (10/15)            Temple (0/1) D:6
   Lair: D:8-11         Orc: D:9-12

Altars:
Ashenzari
Cheibriados
Dithmenos
Elyvilon
Fedhas
Kikubaaqudgha
Nemelex Xobeh
Qazlal
Vehumet
Wu Jian

Shops:
D:9 [

Annotations:
D:9 2 runed translucent doors
D:10 Erolcha


Message History

The red devil is engulfed in freezing vapours.
You kill the red devil!
The red devil disappears in a puff of smoke!
The ufetubus barely misses you. You block the ufetubus's attack.
The soul eater barely misses you.
The kobold demonologist hits you with a +0 dagger.
You hit the kobold demonologist but do no damage.
The kobold demonologist is heavily wounded.
You hit the soul eater but do no damage.
You completely miss the kobold demonologist.
You hit the ufetubus. You burn the ufetubus.
The soul eater is no longer encased in ice.
The kobold demonologist hits you with a +0 dagger.
You block the ufetubus's attack. x2; The soul eater hits you!
* * * LOW HITPOINT WARNING * * *
You partially resist.
You feel drained.
You completely miss the kobold demonologist.
The kobold demonologist is heavily wounded.
You hit the ufetubus. You burn the ufetubus. You miss the ufetubus.
You hit the soul eater. You burn the soul eater.
You hit the kobold demonologist but do no damage.
The ufetubus hits you.
* * * LOW HITPOINT WARNING * * *
You block the ufetubus's attack. x2; The ufetubus hits you.
* * * LOW HITPOINT WARNING * * *
The kobold demonologist hits you with a +0 dagger.
* * * LOW HITPOINT WARNING * * *
The kobold demonologist hits you with a +0 dagger.
* * * LOW HITPOINT WARNING * * *
You closely miss the kobold demonologist.
The kobold demonologist is heavily wounded.
You hit the soul eater but do no damage.
You hit the kobold demonologist but do no damage.
You miss the ufetubus. You hit the ufetubus. You burn the ufetubus.
The ufetubus slips past you! The ufetubus hits you.
* * * LOW HITPOINT WARNING * * *
The ufetubus barely misses you. The ufetubus hits you.
* * * LOW HITPOINT WARNING * * *
You block the ufetubus's attack. The soul eater hits you.
You die...

###################.....#
#.....# #...#.# #...#.#
###+# ..###########.....#
.P#.##..##..............#
_.#...)..#..............#
.P#......#.....K.5......#
.##......#....53@.#.....#
P#.......#.....K5>#.....#
.........#........#.....#
.)[#+#####..............#
#.รท.............####....#
#..).......####.#..#....#
#..........####.#..#....#
................#..#....#
#################..#....#


You could see a soul eater (summoned), 2 kobold demonologists, a shadow imp
(summoned) and 2 ufetubi.

Vanquished Creatures
  A two-headed ogre (D:8)
  Maurice (D:7)
  Joseph (D:7)
  A troll (D:9)
  2 hornets
  Prince Ribbit (D:5)
  A wraith (D:10)
  A wyvern (D:8)
  Grum (D:9)
  2 steam dragons
  An acid dragon (D:9)
  A water moccasin (D:9)
  2 black bears
  A sky beast (D:8)
  An ice beast (D:7)
  2 ogres
  3 centaurs
  3 wolves (D:9)
  A phantom (D:7)
  A kobold brigand (D:9)
  A gnoll sergeant (D:9)
  4 scorpions
  4 wights (D:8)
  13 killer bees
  2 electric eels (D:7)
  4 jellies
  6 bombardier beetles
  3 hounds
  5 orc priests
  2 gnoll boudas
  3 iguanas
  5 orc wizards
  13 gnolls
  7 adders
  2 shadow imps
  A white imp (D:7)
  2 dart slugs
  A ribbon worm (D:3)
  24 orcs
  8 endoplasms
  5 giant cockroaches
  4 goblins
  5 hobgoblins
  7 jackals (D:1)
  3 quokkas
  7 ball pythons
  3 bats
  7 frilled lizards
  11 kobolds
  7 rats
197 creatures vanquished.

Vanquished Creatures (others)
  4 orcs (D:5)
4 creatures vanquished.

Grand Total: 201 creatures vanquished

Notes
Turn   | Place    | Note
-------+----------+-------------------------------------------
     0 | D:1      | BubbleThief the Hill Orc Fighter began the quest for the
                  | Orb.
     0 | D:1      | Reached XP level 1. HP: 19/19 MP: 1/1
    30 | D:1      | Found a faded altar of an unknown god.
   182 | D:1      | Reached skill level 3 in Axes
   182 | D:1      | Reached XP level 2. HP: 27/27 MP: 2/2
   728 | D:1      | Reached XP level 3. HP: 30/33 MP: 3/3
  1819 | D:3      | Reached XP level 4. HP: 33/41 MP: 4/4
  1906 | D:3      | Found a shadowy altar of Dithmenos.
  1971 | D:3      | Noticed a scorpion
  1978 | D:3      | Killed a scorpion
  1979 | D:3      | Reached skill level 4 in Axes
  1979 | D:3      | Reached XP level 5. HP: 32/47 MP: 5/5
  2148 | D:3      | Found a white marble altar of Elyvilon.
  3158 | D:4      | Noticed a black bear
  3173 | D:4      | Killed a black bear
  3174 | D:4      | Reached skill level 5 in Fighting
  3174 | D:4      | Reached XP level 6. HP: 38/56 MP: 6/6
  3245 | D:4      | Found a stormy altar of Qazlal.
  3288 | D:4      | Became a worshipper of Qazlal Stormbringer
  3580 | D:5      | Entered Level 5 of the Dungeon
  3649 | D:5      | Noticed Prince Ribbit
  3809 | D:5      | Reached skill level 5 in Axes
  3816 | D:5      | Killed Prince Ribbit
  3817 | D:5      | Reached skill level 5 in Armour
  3817 | D:5      | Reached skill level 5 in Shields
  3817 | D:5      | Reached XP level 7. HP: 26/62 MP: 7/7
  4019 | D:5      | Found a snail-covered altar of Cheibriados.
  4262 | D:5      | Reached skill level 6 in Axes
  4420 | D:5      | Reached XP level 8. HP: 56/71 MP: 8/8
  5112 | D:6      | HP: 2/71 [ogre/+0 giant club (23)]
  5113 | D:6      | Reached * piety under Qazlal
  5340 | D:6      | Reached skill level 7 in Axes
  5376 | D:6      | Identified the +1 sling of Defiance {drain, rPois Will+
                  | Stlth+}
  5548 | D:6      | Found a staircase to the Ecumenical Temple.
  5998 | D:7      | Reached XP level 9. HP: 79/79 MP: 9/9
  6003 | D:7      | Noticed Joseph
  6021 | D:7      | Killed Joseph
  6022 | D:7      | Reached skill level 8 in Axes
  6603 | D:7      | Found an ornate altar of the Wu Jian Council.
  6606 | D:7      | Found a radiant altar of Vehumet.
  6688 | D:7      | Noticed Maurice
  6688 | D:7      | Paralysed by Maurice for 2 turns
  6696 | D:7      | Maurice stole an amulet of reflection
  6697 | D:7      | Maurice stole 320 gold
  6712 | D:7      | Killed Maurice
  6713 | D:7      | Reached skill level 9 in Axes
  6979 | D:8      | Reached ** piety under Qazlal
  7109 | D:8      | Found a broken altar of Ashenzari.
  7109 | D:8      | Noticed a hornet
  7118 | D:8      | Paralysed by a hornet for 3 turns
  7122 | D:8      | Killed a hornet
  7221 | D:8      | Reached XP level 10. HP: 90/91 MP: 10/10
  7419 | D:8      | Noticed a two-headed ogre
  7437 | D:8      | Killed a two-headed ogre
  7540 | D:8      | Found a sparkling altar of Nemelex Xobeh.
  7932 | D:9      | Found a large runed translucent door.
  7933 | D:9      | Found a large runed translucent door.
  8117 | D:9      | Paralysed by a hornet for 2 turns
  8123 | D:9      | Paralysed by a hornet for 1 turns
  8124 | D:9      | HP: 4/91 [hornet (4)]
  8126 | D:9      | Reached skill level 5 in Invocations
  8273 | D:9      | Noticed Grum
  8291 | D:9      | Killed Grum
  8563 | D:9      | Found a blossoming altar of Fedhas.
  8563 | D:9      | Found an ancient bone altar of Kikubaaqudgha.
  8647 | D:9      | Found Cucrenil's Armour Boutique.
  8760 | D:9      | Bought a +4 chain mail of cold resistance for 441 gold
                  | pieces
  8855 | D:10     | Entered Level 10 of the Dungeon
  8909 | D:10     | Noticed a kobold demonologist
  8910 | D:10     | Noticed a kobold demonologist
  8995 | D:10     | Reached skill level 10 in Axes
  9005 | D:10     | Noticed Erolcha
  9082 | D:10     | Noticed a rust devil
  9096 | D:9      | Noticed a soul eater
  9101 | D:9      | Slain by a soul eater

Illustrated notes

Levels and vault maps discovered:
D:1:      roderic_dead_forest, layout_loops_corners,
          chequers_ecumenical_altar_island, chequers_serial_rivers_room_b,
          minmay_misc_feat_chi, minmay_pentomino_s4
D:2:      layout_loops_ring
D:3:      layout_loops_ring, lemuel_doored_altar,
          mainiacjoe_overflow_six_doors_small
D:4:      layout_loops_cross, nicolae_qazlal_general_emergency,
          minmay_misc_feat_x
D:5:      layout_basic, kennysheep_slug_shrine, uniq_prince_ribbit1
D:6:      layout_cave_pools, minmay_temple_entry_hall, serial_park,
          serial_park_tiny_pond, serial_park_square2, serial_park_tiny_pond,
          serial_park_gazebo [serial_park_minivault_5x5_6],
          serial_park_tiny_pond
D:7:      layout_basic, nicolae_overflow_squiral,
          minmay_misc_feat_secret_circle, minmay_misc_feat_tower, uniq_maurice,
          uniq_joseph
D:8:      layout_basic, kennysheep_little_box, mainiacjoe_overflow_chevrons,
          chequers_avenue
D:9:      okawaru_arena_lexackson, layout_stronghold,
          grunt_temple_overflow_growth_and_decay, serial_shops,
          nicolae_shop_peninsula, centaur_isle, uniq_grum
D:10:     layout_cross, uniq_erolcha, uniq_harold, uniq_psyche

Skill      XL: |  1  2  3  4  5  6  7  8  9 10 |
---------------+-------------------------------+-----
Axes           | 3 4 5 6 7 9 10 | 10.0
Fighting       | 4 5 6 7 9 |  9.6
Armour         | 4 5 6 8 |  8.7
Shields        | 4 5 6 8 |  8.7
Invocations    | 9 |  9.0

Action                     |  1- 3 |  4- 6 |  7- 9 | 10-12 || total
---------------------------+-------+-------+-------+-------++-------
  Melee: War axe           |   112 |   141 |     6 |       ||   259
         Hand axe          |       |       |   325 |   183 ||   508
 Invoke: Upheaval          |       |       |       |     7 ||     7
  Evoke: Wand              |       |     1 |     2 |     3 ||     6
    Use: Scroll            |       |     7 |       |       ||     7
         Potion            |       |     1 |     1 |     1 ||     3
   Stab: Paralysed         |       |     2 |       |       ||     2
 Armour: Scale mail        |    34 |       |       |       ||    34
         Chain mail        |    42 |   114 |   183 |   217 ||   556
  Dodge: Dodged            |    49 |    55 |    80 |    98 ||   282
  Block: Buckler           |    28 |    68 |   122 |   153 ||   371
         Reflection        |       |     1 |     1 |       ||     2

Table legend: (Time is in decaauts)
 A = Elapsed time spent in this place.
 B = Non-inter-level travel time spent in this place.
 C = Inter-level travel time spent in this place.
 D = Time resting spent in this place.
 E = Time spent auto-exploring this place.
 F = Levels seen in this place.
 G = Mean time per level.
                   A        B        C        D        E       F      G
               +--------+--------+--------+--------+--------+-----+--------+
         Total |   9168 |   8892 |    276 |    508 |   6534 |  10 |  916.8 |
       Dungeon |   9168 |   8892 |    276 |    508 |   6534 |  10 |  916.8 |
               +--------+--------+--------+--------+--------+-----+--------+

Top non-repeatable levels by time:
     D:5: 1426 daAuts
     D:4: 1139 daAuts
     D:7: 1096 daAuts
     D:1: 1084 daAuts
     D:9: 1068 daAuts
     D:8: 975 daAuts
     D:3: 832 daAuts
     D:2: 749 daAuts
     D:6: 657 daAuts
    D:10: 139 daAuts
